 Dungeon Crawl Stone Soup version 0.19-a0-1905-ge8b2aad (webtiles) character file.

252 Naow the Shield-Bearer (level 5, -5/48 HPs)
             Began as a Minotaur Fighter on Oct 21, 2016.
             Slain by an orc warrior
             ... wielding a +0 trident
              (16 damage)
             ... on level 4 of the Dungeon.
             The game lasted 00:02:07 (1609 turns).

Naow the Shield-Bearer (Minotaur Fighter)           Turns: 1609, Time: 00:02:07

Health: -5/48      AC:  7    Str: 21    XL:     5   Next: 89%
Magic:  4/4        EV:  8    Int:  5    God:
Gold:   176        SH: 10    Dex: 10    Spells: 0 memorised, 4 levels left

rFire  . . .     SeeInvis .     a - +0 war axe
rCold  . . .     Gourm    .     b - +0 scale mail
rNeg   . . .     Faith    .     c - +0 shield
rPois  .         Spirit   .     (helmet restricted)
rElec  .         Reflect  .     (no cloak)
rCorr  .         Harm     .     (no gloves)
MR     .....                    (no boots)
Stlth  ..........               (no amulet)
                                (no ring)
                                (no ring)

@: no status effects
A: retaliatory headbutt, horns 2
a: no special abilities


You were on level 4 of the Dungeon.
You were hungry.

You visited 1 branch of the dungeon, and saw 4 of its levels.

You collected 176 gold pieces.

Inventory:

Hand Weapons
 a - a +0 war axe (weapon)
Armour
 b - a +0 scale mail (worn)
 c - a +0 shield (worn)
Jewellery
 k - an uncursed ring of magical power {unknown}
Wands
 u - a wand of iceblast (8/15)
 v - a wand of heal wounds (3/9)
Scrolls
 e - 9 scrolls of identify {unknown}
 h - 2 scrolls of amnesia {unknown}
 j - 4 scrolls of random uselessness {unknown}
 m - 2 scrolls of remove curse {unknown}
 n - 2 scrolls of magic mapping {unknown}
 o - 3 scrolls of teleportation {unknown}
 p - a scroll of enchant weapon {unknown}
 s - 2 scrolls of immolation {unknown}
 w - 2 scrolls of recharging {unknown}
Potions
 d - a potion of might
 i - 2 potions of beneficial mutation {unknown}
 q - a potion of curing {unknown}
 r - 2 potions of degeneration {unknown}
 x - a potion of flight {unknown}
 z - a potion of lignification {unknown}
Comestibles
 f - 4 bread rations
 g - a chunk of flesh
 l - a meat ration
 t - a slice of pizza


   Skills:
 + Level 5.0 Fighting
 * Level 4.7 Axes
 + Level 4.4 Armour
 - Level 1.0 Dodging
 - Level 5.0 Shields


You had 4 spell levels left.
You didn't know any spells.

Dungeon Overview and Level Annotations

Branches:
Dungeon (4/15)
 Temple: D:4-7

Altars:


Innate Abilities, Weirdness & Mutations

You reflexively headbutt those who attack you in melee.
You have a pair of horns on your head.


Message History

You closely miss the orc warrior.
The orc warrior is severely wounded.
You barely miss the orc. The orc hits you but does no damage.
The orc warrior hits you with a trident!
* * * LOW HITPOINT WARNING * * *
You block the orc's attack.
You are too injured to fight recklessly!
You are too injured to fight recklessly!
You are too injured to fight recklessly!
You hit the orc warrior.
The orc warrior is almost dead.
You hit the orc but do no damage. The orc warrior barely misses you.
The orc hits you with a falchion.
* * * LOW HITPOINT WARNING * * *
You completely miss the orc warrior.
The orc warrior is severely wounded.
You slash the orc!
You kill the orc!
The orc warrior hits you with a trident!
You die...

#...........#....#
.#
#...........####..
.. .............# #
.. .............# #.
.......##.##.# ..
.......##.....## .#
#<.....#####...###.#
#......# #...#.o.###
.......# #...@)...##
.......# ##.(.)....#
.......#
#..######..#
.......# ##.## #
##.#########..#
.............##
.#.########### .#.#
.#.#


You could see an orc warrior.

Vanquished Creatures
  A hound (D:4)
  A centaur skeleton (D:4)
  Jessica (D:3)
  An iguana (D:4)
  An orc wizard (D:3)
  A hound skeleton (D:4)
  2 adders
  An ooze (D:4)
  3 worms
  2 dart slugs
  A leopard gecko (D:3)
  9 orcs
  2 ball pythons
  6 bats
  2 giant cockroaches
  7 hobgoblins
  2 quokkas (D:3)
  4 frilled lizards
  8 goblins
  A jackal skeleton (D:4)
  4 kobolds
  4 rats
64 creatures vanquished.

Notes
Turn   | Place    | Note
-------+----------+-------------------------------------------
     0 | D:1      | Naow the Minotaur Fighter began the quest for the Orb.
     0 | D:1      | Reached XP level 1. HP: 19/19 MP: 0/0
    86 | D:1      | Reached XP level 2. HP: 25/27 MP: 1/1
   701 | D:2      | You fall through a shaft!
   719 | D:3      | Reached XP level 3. HP: 24/33 MP: 2/2
   872 | D:3      | Noticed Jessica
   886 | D:3      | Killed Jessica
   886 | D:3      | Reached XP level 4. HP: 38/40 MP: 3/3
  1389 | D:4      | Reached skill level 1 in Dodging
  1389 | D:4      | Reached skill level 5 in Shields
  1389 | D:4      | Reached XP level 5. HP: 36/47 MP: 4/4
  1519 | D:4      | Reached skill level 5 in Fighting
  1597 | D:4      | Noticed an orc warrior
  1609 | D:4      | Slain by an orc warrior

Vault maps used:
D:1:      mrwooster_arrival_arrow
D:3:      first_bread, uniq_jessica
D:4:      minmay_misc_feat_tower

Skill      XL: |  1  2  3  4  5 |
---------------+----------------+-----
Shields        | 4 5 |  5.0
Fighting       | 4 5 |  5.0
Axes           | 3 4 |  4.7
Armour         | 4 |  4.4
Dodging        | 1 |  1.0

Action                   |  1- 3 |  4- 6 || total
-------------------------+-------+-------++-------
Melee: War axe           |    82 |    82 ||   164
       Headbutt          |    10 |    13 ||    23
  Eat: Chunk             |       |     2 ||     2
Armor: Scale mail        |    31 |    26 ||    57
Dodge: Dodged            |    24 |    25 ||    49
Block: Shield            |    46 |    34 ||    80
